 Dungeon Crawl Stone Soup version 0.28.0-53-g5a82cb258f (webtiles) character file.

Game seed: 1536575856131410182

2655 Ashen the Skirmisher (level 9, -9/67 (71) HPs)
             Began as a Formicid Abyssal Knight on June 12, 2022.
             Was an Elder of Lugonu.
             Mangled by an acid dragon (10 damage)
             ... on level 5 of the Dungeon.
             The game lasted 00:14:15 (9648 turns).

Ashen the Skirmisher (Formicid Abyssal Knight)      Turns: 9648, Time: 00:14:16

HP:   -9/67 (71)    AC:  0    Str: 18    XL:     9   Next: 93%
MP:   14/14         EV: 13    Int: 10    God:    Lugonu [****..]
Gold: 315           SH:  0    Dex: 15    Spells: 8/8 levels left

rFire   + + .      SeeInvis +   c - +1 whip (venom)
rCold   . . .      Faith    .   (no shield)
rNeg    . . .      Spirit   .   g - +1 leather armour {rF+}
rPois   .          Reflect  .   (helmet unavailable)
rElec   .          Harm     .   f - +0 cloak
rCorr   .          Rampage  .   (no gloves)
Will    +....                   (no boots)
Stlth   +++.......              (no amulet)
HPRegen 0.21/turn               d - ring of protection from fire
MPRegen 0.14/turn               (no ring)

@: corroded, drained
A: permanent stasis, dig shafts and tunnels, antennae 3, four strong arms,
strong-willed 1, shaggy fur 1
a: Dig, Shaft Self, Renounce Religion, Depart the Abyss, Bend Space, Banish,
Corrupt


You were on level 5 of the Dungeon.
You worshipped Lugonu.
Lugonu was greatly pleased with you.
You visited 1 branch of the dungeon, and saw 6 of its levels.
You visited the Abyss 1 time.

You collected 315 gold pieces.

Inventory:

Hand Weapons
 a - a +1 falchion of draining
 c - a +1 whip of venom (weapon)
 p - a +0 long sword
Armour
 f - a +0 cloak (worn)
 g - a +1 leather armour of fire resistance (worn)
 i - a +2 robe of positive energy
 r - a +2 robe of willpower
Jewellery
 d - a ring of protection from fire (left hand)
 v - a ring of resist corrosion
Wands
 e - a wand of mindburst (31)
 o - a wand of polymorph (3)
Scrolls
 m - 2 scrolls of immolation
 n - 3 scrolls of identify
 q - a scroll of holy word {unknown}
 t - a scroll of fear {unknown}
 u - a scroll of summoning {unknown}
Potions
 b - a potion of ambrosia {unknown}
 h - a potion of invisibility
 j - 2 potions of cancellation {unknown}
 k - a potion of flight
 s - a potion of curing {unknown}


   Skills:
 + Level 6.9 Fighting
 + Level 5.6 Long Blades
 + Level 6.4 Armour
 + Level 4.8 Dodging
 - Level 5.0 Stealth
 + Level 6.8 Invocations


You had 8 spell levels left.
You didn't know any spells.
Your spell library was empty.

Dungeon Overview and Level Annotations

Branches:
Dungeon (6/15)
 Temple: D:4-7

Altars:
Ashenzari
Fedhas
Trog
Vehumet

Shops:
D:5 (


Innate Abilities, Weirdness & Mutations

You cannot be hasted, slowed, berserked, paralysed or teleported.
You can dig through walls and to a lower floor.
You have a pair of large antennae on your head. (SInv)
Your four strong arms can wield two-handed weapons with a shield.
You are strong-willed. (Will+)
You are covered in fur. (AC +1)


Message History

* * * LOW HITPOINT WARNING * * *
You hit the acid dragon but do no damage.
The acid dragon is heavily wounded.
The jelly barely misses you. The acid dragon barely misses you.
The acid dragon closely misses you.
You barely miss the jelly.
The jelly is almost dead.
The jelly hits you but does no damage. The acid dragon bites you!
* * * LOW HITPOINT WARNING * * *
The acid dragon claws you.
* * * LOW HITPOINT WARNING * * *
You kill the jelly!
Lugonu accepts your kill.
You feel much better. The acid dragon closely misses you.
The acid dragon claws you.
You closely miss the acid dragon.
The acid dragon is heavily wounded.
The acid dragon closely misses you. x2
You barely miss the acid dragon.
The acid dragon is heavily wounded.
The acid dragon spits acid at you. The splash of acid hits you!!
* * * LOW HITPOINT WARNING * * *
The acid corrodes you!
You feel much better.
The acid dragon looks more healthy.
The acid dragon bites you! The acid dragon barely misses you.
You hit the acid dragon but do no damage.
The acid dragon is moderately wounded.
The acid dragon barely misses you. The acid dragon claws you.
* * * LOW HITPOINT WARNING * * *
You hit the acid dragon but do no damage.
The acid dragon is moderately wounded.
The acid dragon bites you!
* * * LOW HITPOINT WARNING * * *
The acid dragon claws you.
* * * LOW HITPOINT WARNING * * *
You hit the acid dragon.
The acid dragon is poisoned.
The acid dragon is heavily wounded.
The acid dragon bites you!
You die...

.......# #...............
.......# #...............
.......# #........#######
....)).###########........#
.......#....#.............#
.......+....#.............#
..∩....#....#.............#
#####'##....#.[.D.#########
............#>..@.#
......##....#[....#
......##....#.....#
##....##....#.....#
##....##....#.....# ########
.......#....#.....# #.......
.......'....#.....########.......
......##....######........<......
##....########...#...............


You could see an acid dragon (very poisoned, catching breath).

Vanquished Creatures
  Eustachio (D:5)
  A steam dragon (D:5)
  An orc warrior (D:6)
  3 necrophages
  2 ogres (D:5)
  2 phantoms (D:5)
  Blork the orc (D:5)
  6 scorpions
  A water moccasin zombie (D:5)
  3 killer bees
  4 wights
  A howler monkey (D:6)
  5 orc priests
  A bullfrog skeleton (D:4)
  5 hounds
  An iguana (D:4)
  2 jellies
  Ijyb (D:4)
  5 orc wizards
  A scorpion zombie (D:4)
  2 hound skeletons
  Robin (D:4)
  4 gnolls (D:6)
  A howler monkey zombie (D:6)
  9 adders
  An ufetubus (D:4)
  4 worms
  3 dart slugs
  28 orcs
  5 ball pythons
  An endoplasm (D:4)
  A giant cockroach (D:4)
  16 goblins
  12 hobgoblins
  4 jackals (D:3)
  3 quokkas
  4 bats
  9 frilled lizards
  5 kobolds
  4 rats
164 creatures vanquished.

Notes
Turn   | Place    | Note
-------+----------+-------------------------------------------
     0 | Abyss:1  | Ashen the Formicid Abyssal Knight began the quest for the
                  | Orb.
     0 | Abyss:1  | Reached XP level 1. HP: 18/18 MP: 2/2
    15 | D:1      | Escaped the Abyss
   128 | D:1      | Reached skill level 1 in Dodging
   214 | D:1      | Reached XP level 2. HP: 24/24 MP: 3/3
   449 | D:1      | Reached skill level 1 in Stealth
   488 | D:1      | Reached ** piety under Lugonu
   706 | D:1      | Reached XP level 3. HP: 29/29 MP: 4/4
  1158 | D:1      | Gained mutation: You are covered in fur. (AC +1) [potion of
                  | mutation]
  1158 | D:1      | Gained mutation: You are strong-willed. (Will+) [potion of
                  | mutation]
  1161 | D:1      | Reached XP level 4. HP: 18/36 MP: 4/6
  1890 | D:2      | Reached XP level 5. HP: 42/42 MP: 7/7
  2603 | D:3      | Reached XP level 6. HP: 32/48 MP: 8/8
  2866 | D:3      | Reached *** piety under Lugonu
  3524 | D:4      | Reached XP level 7. HP: 35/55 MP: 9/9
  3866 | D:4      | Noticed Ijyb
  3875 | D:4      | Killed Ijyb
  3903 | D:4      | Noticed Robin
  3923 | D:4      | Killed Robin
  4081 | D:4      | Found a bloodstained altar of Trog.
  4139 | D:4      | Reached **** piety under Lugonu
  4280 | D:4      | Found a large runed translucent door.
  4281 | D:4      | Found a large runed translucent door.
  4293 | D:4      | Found a blossoming altar of Fedhas.
  4312 | D:4      | Found a radiant altar of Vehumet.
  4389 | D:5      | Entered Level 5 of the Dungeon
  4547 | D:5      | Noticed a steam dragon
  4562 | D:5      | Reached XP level 8. HP: 43/61 MP: 11/11
  4584 | D:5      | Reached skill level 5 in Fighting
  4819 | D:5      | Found Tevoetev's Antique Weapon Boutique.
  5231 | D:5      | Reached skill level 5 in Invocations
  5438 | D:5      | Reached skill level 5 in Stealth
  5507 | D:5      | Reached skill level 5 in Armour
  5621 | D:5      | Noticed Eustachio
  5641 | D:5      | Killed Eustachio
  5917 | D:5      | Reached XP level 9. HP: 66/69 MP: 13/13
  6003 | D:5      | Noticed Blork the orc
  6020 | D:5      | Killed Blork the orc
  6836 | D:5      | Reached skill level 5 in Long Blades
  8584 | D:6      | Noticed a six-headed hydra
  8629 | D:6      | Found a broken altar of Ashenzari.
  9640 | D:5      | HP: 2/66 [acid dragon (10)]
  9647 | D:5      | HP: 1/67 [acid dragon (6)]
  9648 | D:5      | Mangled by an acid dragon

Illustrated notes

Levels and vault maps discovered:
D:1:      nicolae_arrival_washed_ashore, layout_basic
D:2:      layout_basic, amcnicky_mini_pool_small, nicolae_wormholes
D:3:      layout_basic, chequers_serial_rivers_room_b, serial_park_tiny_pond,
          chequers_decorated_corner, kennysheep_generic_room_13
D:4:      layout_rooms, jmf_multi_god_temple2, overflow_temple_1_default,
          uniq_ijyb, uniq_robin
D:5:      layout_gridville, serial_shops, shop, minmay_quadrilaterals,
          uniq_blork_the_orc, uniq_eustachio
D:6:      minmay_chambers_of_threes, layout_basic, nicolae_ashenzari_skybound

Skill      XL: |  1  2  3  4  5  6  7  8  9 |
---------------+----------------------------+-----
Dodging        | 1 2 3 4 |  4.8
Stealth        | 1 2 3 4 5 |  5.0
Invocations    | 3 4 5 6 |  6.8
Armour         | 3 4 5 6 |  6.4
Fighting       | 4 5 6 |  6.9
Long Blades    | 3 4 5 |  5.6

Action                   |  1- 3 |  4- 6 |  7- 9 || total
-------------------------+-------+-------+-------++-------
Melee: Whip              |    52 |   153 |   342 ||   547
       Falchion          |     3 |       |     7 ||    10
       Punch             |       |     5 |     4 ||     9
       Unarmed           |       |       |     4 ||     4
       Long sword        |       |       |    85 ||    85
 Abil: Dig               |       |       |     1 ||     1
  Use: Potion            |     2 |       |     3 ||     5
       Scroll            |       |     4 |     4 ||     8
 Stab: Sleeping          |       |     5 |     3 ||     8
       Distracted        |       |       |     1 ||     1
Armor: Leather armour    |    20 |    52 |   139 ||   211
Dodge: Dodged            |    28 |    95 |   282 ||   405
